 Dungeon Crawl Stone Soup version 0.27-a0-1200-g94dc6ad4cf (webtiles) character file.

Game seed: 5225651794817958927

1087 robertstho the Magician (level 8, 0/51 HPs)
             Began as a Djinni Fire Elementalist on June 1, 2021.
             Slain by an unseen horror (5 damage)
             ... on level 5 of the Dungeon.
             The game lasted 00:11:33 (6206 turns).

robertstho the Magician (Djinni Fire Elementalist)  Turns: 6206, Time: 00:11:34

Health: 0/51       AC: 10    Str: 11      XL:     8   Next: 56%
Gold:   350        EV: 13    Int: 17 (18) God:
                   SH:  0    Dex: 15

rFire    + + .     SeeInvis .   m - +2 dagger (vorpal)
rCold    x . .     Faith    .   (no shield)
rNeg     . . .     Spirit   .   n - +1 robe "Gufaek" {Str+4}
rPois    ∞         Reflect  .   j - +2 hat
rElec    .         Harm     .   (no cloak)
rCorr    .         Rampage  .   w - +0 pair of gloves
Will     .....                  (boots unavailable)
Stlth    +++.......             (no amulet)
HPRegen  0.17/turn              h - +4 ring of protection
MPRegen  0.00/turn              (no ring)

@: flying, very slightly contaminated
A: sickness immunity, fire resistance 2, cold vulnerability 1, float, innate
caster, hp casting, extra vitality 1
a: no special abilities


You were on level 5 of the Dungeon.
You visited 1 branch of the dungeon, and saw 5 of its levels.
You also visited: Sewer and Ossuary.

You collected 350 gold pieces.

Inventory:

Hand Weapons
 m - a +2 vorpal dagger (weapon)
Armour
 j - a +2 hat (worn)
 n - the +1 robe "Gufaek" (worn) {Str+4}
   (You found it on level 5 of the Dungeon)

   It affects your strength (+4).
 w - a +0 pair of gloves (worn)
Jewellery
 h - a +4 ring of protection (left hand)
Wands
 i - a wand of polymorph (9)
 u - a wand of paralysis (7)
Scrolls
 b - a scroll of blinking {unknown}
 c - a scroll of fog
 f - a scroll of immolation
 k - 2 scrolls of enchant armour
 r - a scroll of teleportation
 v - a scroll of identify
Potions
 a - 3 potions of heal wounds {unknown}
 d - 3 potions of attraction
 e - a potion of haste
 g - 3 potions of flight
 l - a potion of brilliance {unknown}
 o - 8 potions of degeneration
 p - a potion of resistance {unknown}
 s - 2 potions of mutation {unknown}
 t - a potion of ambrosia {unknown}


   Skills:
 + Level 0.8 Fighting
 + Level 0.5 Short Blades
 + Level 3.2 Dodging
 + Level 3.8 Stealth
 + Level 6.7 Spellcasting


You couldn't memorise any spells.
You knew the following spells:

 Your Spells              Type           Power      Damage    Failure   Level
a - Foxfire               Conj/Fire      100%       2x1d9     1%          1
b - Conjure Flame         Conj/Fire      28%        6-21      2%          3
c - Inner Flame           Hex/Fire       28%        N/A       2%          3
d - Sticky Flame          Conj/Fire      28%        2d5       8%          4
e - Fireball              Conj/Fire      14%        3d8       21%         5
f - Apportation           Tloc           56%        N/A       1%          1
g - Searing Ray           Conj           56%        3d5       1%          2
h - Spider Form           Tmut/Pois      14%        N/A       2%          3
Your spell library was empty.

Dungeon Overview and Level Annotations

Branches:
Dungeon (5/15)              Sewer (visited)         Ossuary (visited)
 Temple: D:4-7

Altars:
Ashenzari
Cheibriados
Fedhas
Okawaru


Innate Abilities, Weirdness & Mutations

You are immune to sickness and miasma.
You are immune to poison.
Your flesh is very heat resistant. (rF++)
You are vulnerable to cold. (rC-)
You float through the air rather than walking.
You learn spells naturally, not from books.
Your magical power is your life essence.
You have superior vitality. (+4 HP)


Message History

You conjure some foxfire!
Your foxfire dissipates!
The foxfire hits something.
Casting: Foxfire (safe; 1% risk of failure)
Press: ? - help, Q - select action, (/) - cycle Dir - look around, f - activate You conjure some foxfire!
The foxfire hits something.
Something barely misses you. Something hits you.
Casting: Foxfire (safe; 1% risk of failure)
Press: ? - help, Q - select action, (/) - cycle Dir - look around, f - activate You conjure some foxfire!
The foxfire hits something but does no damage.
Something hits you. Something hits you but does no damage.
Casting: Foxfire (safe; 1% risk of failure)
Press: ? - help, Q - select action, (/) - cycle Dir - look around, f - activate You conjure some foxfire!
The foxfire hits something.
Something hits you.
Unknown command.
Something hits you but does no damage.
As you read the scroll of fear, it crumbles to dust.
You assume a fearsome visage.
Something hits you but does no damage. Something hits you.
You miss something. Something hits you.
* * * LOW HITPOINT WARNING * * *
Something completely misses you. Something hits you but does no damage.
Casting: Foxfire (safe; 1% risk of failure)
Confirm with . or Enter, or press ? or * to list all spells.
Aiming: Sticky Flame (dangerous; 8% risk of failure)
Press: ? - help, Shift-Dir - straight line You miscast Sticky Flame.
You are very lightly contaminated with residual magic.
Flames sear your flesh. You resist.
* * * LOW HITPOINT WARNING * * *
x2 Something hits you.
* * * LOW HITPOINT WARNING * * *
Something completely misses you. Something hits you.
You die...

#.#......#≈.♣♣♣♣.≈#
#.########≈......≈#
#.# #≈≈≈≈≈≈≈≈# #.#
########### #.#
#.##>..>## #.#
##.###.#... #.####
#........## #....#
#..###...#. ####@#
#...)†..... #.#
#..####..#. #.#
#.......... ##.##
#...###..##
#...#####.#.# #..##
#...........# #....
#...#####..........
##### #.#.####.##
#.#.# .#


There were no monsters in sight!

Vanquished Creatures
  Sigmund (D:5)
  Purgy (Sewer)
  An ogre (D:5)
  A black bear (D:5)
  A centaur (D:5)
  A water moccasin skeleton (D:4)
  3 hounds
  2 centaur zombies (Ossuary)
  An orc priest (D:3)
  A gnoll shaman (D:5)
  A human zombie (Ossuary)
  A hound skeleton (D:5)
  3 mummies (Ossuary)
  4 gnolls (D:5)
  A howler monkey skeleton (D:5)
  5 river rats (D:5)
  4 adders
  An ufetubus (D:4)
  An adder skeleton (D:4)
  4 worms
  10 orcs
  8 endoplasms
  3 giant cockroaches
  A goblin (D:2)
  4 hobgoblins
  15 jackals
  5 quokkas
  3 ball pythons (D:2)
  4 bats
  3 frilled lizards
  A gnoll zombie (Ossuary)
  2 goblin zombies (Ossuary)
  6 kobolds
  2 orc zombies (Ossuary)
  8 rats
  A toadstool (D:4)
114 creatures vanquished.

Vanquished Creatures (collateral kills)
  8 foxfires (D:4)
8 creatures vanquished.

Vanquished Creatures (others)
  462 foxfires
  A fungus (D:4)
  3 toadstools (D:4)
466 creatures vanquished.

Grand Total: 588 creatures vanquished

Notes
Turn   | Place    | Note
-------+----------+-------------------------------------------
     0 | D:1      | robertstho the Djinni Fire Elementalist began the quest for
                  | the Orb.
     0 | D:1      | Reached XP level 1. HP: 15/15 MP: 0/0
   184 | D:1      | Reached XP level 2. HP: 15/21 MP: 0/0
   758 | D:1      | Found a faded altar of an unknown god.
   864 | D:2      | Reached skill level 3 in Spellcasting
   899 | D:2      | Reached XP level 3. HP: 12/25 MP: 0/0
   899 | D:2      | Learned a level 1 spell: Apportation
  1662 | D:2      | Reached XP level 4. HP: 29/31 MP: 0/0
  2434 | D:3      | Reached XP level 5. HP: 8/35 MP: 0/0
  2434 | D:3      | Learned a level 2 spell: Searing Ray
  2696 | D:3      | Reached skill level 4 in Spellcasting
  3579 | D:4      | Found a sand-covered staircase.
  3584 | Ossuary  | Entered an ossuary
  3725 | Ossuary  | Reached XP level 6. HP: 26/40 MP: 0/0
  4452 | D:4      | Found a snail-covered altar of Cheibriados.
  4596 | D:4      | Found a broken altar of Ashenzari.
  4596 | D:4      | Found an iron altar of Okawaru.
  4644 | D:4      | Found a blossoming altar of Fedhas.
  4772 | D:5      | Entered Level 5 of the Dungeon
  4785 | D:5      | Reached skill level 5 in Spellcasting
  4785 | D:5      | Reached XP level 7. HP: 40/45 MP: 0/0
  4785 | D:5      | Learned a level 3 spell: Spider Form
  4846 | D:5      | Noticed Sigmund
  4933 | D:5      | Identified the +1 robe "Gufaek" {Str+4}
  5129 | D:5      | Killed Sigmund
  5130 | D:5      | Reached skill level 6 in Spellcasting
  5130 | D:5      | Reached XP level 8. HP: 4/50 MP: 0/0
  5159 | D:5      | HP: 2/50 [river rat (2)]
  5367 | D:5      | Found a glowing drain.
  5376 | Sewer    | Entered a sewer
  5601 | Sewer    | Noticed Purgy
  5609 | Sewer    | Killed Purgy
  6206 | D:5      | Slain by an unseen horror

Illustrated notes

Levels and vault maps discovered:
D:1:      lightli_arrival_windingriver, layout_rooms,
          ebering_ecumenical_altar_hall
D:2:      layout_basic
D:3:      layout_rooms
D:4:      layout_rooms, kennysheep_mini, overflow_temple_1_default,
          nicolae_overflow_hidden_temple, serial_rivers,
          chequers_serial_rivers_micro_c, chequers_serial_rivers_small_3,
          chequers_serial_rivers_small_b, chequers_serial_rivers_micro_e,
          enter_ossuary_2, minmay_gold_behind_fungi, minmay_misc_feat_encased
D:5:      layout_loops_ring, lightli_sewer_entry_pipes,
          kennysheep_generic_room_6, uniq_sigmund

Skill      XL: |  1  2  3  4  5  6  7  8 |
---------------+-------------------------+-----
Spellcasting   | 3 4 5 6 |  6.7
Stealth        | 2 3 |  3.8
Dodging        | 3 |  3.2
Fighting       | |  0.8
Short Blades   | |  0.5

Action                   |  1- 3 |  4- 6 |  7- 9 || total
-------------------------+-------+-------+-------++-------
Melee: Dagger            |       |    10 |     4 ||    14
 Cast: Foxfire           |    78 |   142 |    72 ||   292
       Sticky Flame      |       |     9 |     7 ||    16
       Conjure Flame     |       |       |     4 ||     4
  Use: Scroll            |       |     3 |     9 ||    12
       Potion            |       |       |     8 ||     8
 Stab: Fleeing           |       |       |     1 ||     1
Armor: Robe              |     3 |    11 |    26 ||    40
Dodge: Dodged            |     3 |    11 |    32 ||    46

Table legend: (Time is in decaauts)
 A = Elapsed time spent in this place.
 B = Non-inter-level travel time spent in this place.
 C = Inter-level travel time spent in this place.
 D = Time resting spent in this place.
 E = Time spent auto-exploring this place.
 F = Levels seen in this place.
 G = Mean time per level.
                   A        B        C        D        E       F      G
               +--------+--------+--------+--------+--------+-----+--------+
         Total |   6185 |   5854 |    331 |    425 |   4362 |   7 |  883.6 |
       Dungeon |   5247 |   4916 |    331 |    299 |   3690 |   5 | 1049.4 |
         Sewer |    354 |    354 |      0 |      0 |    308 |   1 |  354.0 |
       Ossuary |    583 |    583 |      0 |    126 |    364 |   1 |  583.0 |
               +--------+--------+--------+--------+--------+-----+--------+

Top non-repeatable levels by time:
     D:2: 1523 daAuts
     D:3: 1115 daAuts
     D:5: 1045 daAuts
     D:1: 861 daAuts
     D:4: 702 daAuts
 Ossuary: 583 daAuts
   Sewer: 354 daAuts
